 Dungeon Crawl Stone Soup version 0.28-a0-1235-g7c8fac35f0 (webtiles) character file.

Game seed: 5819481737788955277

669 Gwenloh the Grasshopper (level 7, -1/57 HPs)
             Began as a Palentonga Warper on Dec 24, 2021.
             Was a Follower of Okawaru.
             Succumbed to a scorpion's poison
             ... on level 6 of the Dungeon.
             The game lasted 00:35:15 (8452 turns).

Gwenloh the Grasshopper (Palentonga Warper)         Turns: 8452, Time: 00:35:16

Health: -1/57      AC:  8    Str: 11 (14) XL:     7   Next: 32%
Magic:  9/12       EV:  8    Int: 13 (14) God:    Okawaru [*.....]
Gold:   156        SH:  0    Dex: 10 (11) Spells: 4/12 levels left

rFire   . . .      SeeInvis +   a - +0 hand axe
rCold   . . .      Faith    +   (no shield)
rNeg    . . .      Spirit   .   h - +0 ring mail
rPois   .          Reflect  .   t - +0 helmet
rElec   .          Harm     .   s - scarf {repulsion}
rCorr   .          Rampage  .   g - +0 pair of gloves
Will    .....                   (no barding)
Stlth   ..........              q - amulet of faith
HPRegen 0.19/turn               (no ring)
MPRegen 0.13/turn               (no ring)

@: mighty, lethally poisoned (-1 -> -10), flying, repel missiles
A: large, rugged brown scales 3, see invisible, deformed body, roll 1, armoured
tail, reflexive curl
a: Rolling Charge, Renounce Religion, Heroism


You were on level 6 of the Dungeon.
You worshipped Okawaru.
Okawaru was aware of your devotion.
You visited 2 branches of the dungeon, and saw 7 of its levels.

You collected 156 gold pieces.

Inventory:

Hand Weapons
 a - a +0 hand axe (weapon)
 x - a +0 morningstar
Missiles
 d - 5 boomerangs of dispersal
 j - 303 stones
 k - 20 sling bullets
Armour
 g - a +0 pair of gloves (worn)
 h - a +0 ring mail (worn)
 s - a scarf of repulsion (worn)
 t - a +0 helmet (worn)
Jewellery
 q - an amulet of faith (around neck)
 A - an amulet of reflection
Scrolls
 c - a scroll of blinking
 l - a scroll of immolation {unknown}
 o - 2 scrolls of magic mapping {unknown}
 p - a scroll of fear {unknown}
 v - a scroll of enchant weapon {unknown}
 w - 2 scrolls of amnesia {unknown}
 y - a scroll of identify {unknown}
Potions
 e - a potion of flight
 i - a potion of cancellation {unknown}
 m - a potion of curing {unknown}
 n - a potion of attraction {unknown}
 r - a potion of degeneration
 u - a potion of heal wounds {unknown}
 B - a potion of haste {unknown}


   Skills:
 * Level 4.2 Fighting
 * Level 4.1 Axes
 - Level 0.6 Throwing
 + Level 2.6 Armour
 - Level 1.5 Dodging
 + Level 3.4 Spellcasting
 + Level 4.4 Translocations
 + Level 1.7 Invocations


You had 4 spell levels left.
You knew the following spells:

 Your Spells              Type           Power      Damage    Failure   Level
a - Blink                 Tloc           26%        N/A       12%         2
b - Gell's Gravitas       Tloc           13%        N/A       24%         3
c - Lesser Beckoning      Tloc           13%        N/A       24%         3

Your spell library contained the following spells:

 Spells                   Type           Power      Damage    Failure   Level
 Teleport Other           Tloc           13%        N/A       24%         3
 Corpse Rot               Necr/Air       4%         N/A       58%         2
 Ensorcelled Hibernation  Hex/Ice        4%         N/A       58%         2
 Poisonous Vapours        Pois/Air       4%         N/A       58%         2
 Spider Form              Tmut/Pois      2%         N/A       83%         3
 Manifold Assault         Tloc           13%        N/A       92%         5


Dungeon Overview and Level Annotations

Branches:
Dungeon (6/15)             Temple (1/1) D:5

Altars:
Ashenzari
Dithmenos
Elyvilon
Fedhas
Hepliaklqana
Makhleb
Nemelex Xobeh
Okawaru
Ru
Sif Muna
Uskayaw
Vehumet
Wu Jian
Xom
Yredelemnul
Zin

Shops:
D:3 *

Annotations:
D:3 Pargi
D:5 Grinder


Innate Abilities, Weirdness & Mutations

You are completely covered in rugged brown scales. (AC +3, +7% HP)
You have supernaturally acute eyesight. (SInv)
Armour fits poorly on your strangely shaped body.
You can roll at nearby foes to attack.
You have a long armoured tail.
You curl defensively after being hit. (AC +7*)


Message History

The scorpion closely misses you. The scorpion barely misses you.
You barely miss the scorpion.
The scorpion is lightly wounded.
The scorpion stings you!
You closely miss the scorpion.
The scorpion is lightly wounded.
The scorpion stings you.
You hit the scorpion but do no damage.
The scorpion is lightly wounded.
The scorpion barely misses you.
The scorpion stings you but does no damage.
You hit the scorpion but do no damage.
The scorpion is lightly wounded.
The scorpion stings you.
* * * LOW HITPOINT WARNING * * *
You are poisoned.
The scorpion poisons you!
You hit the scorpion.
The scorpion is moderately wounded.
You feel sick. The scorpion stings you.
* * * LOW HITPOINT WARNING * * *
You are lethally poisoned!
The scorpion poisons you!
It was a potion of flight.
You feel very buoyant.
You fly up into the air.
* * * LOW HITPOINT WARNING * * *
You feel very sick. The scorpion closely misses you. The scorpion stings you.
* * * LOW HITPOINT WARNING * * *
It was a potion of degeneration.
There was something very wrong with that liquid.
You feel weakened.
You feel dopey.
You feel clumsy.
* * * LOW HITPOINT WARNING * * *
You feel very sick. The scorpion stings you.
* * * LOW HITPOINT WARNING * * *
It was a potion of might.
You feel very mighty all of a sudden.
You die...

..$..# #$#.....(
.....# #.#......
.....# #.#....?.
.....#####.#.....
.......§§........
......§§§≈≈..♣♣♣♣.
......§§O.........
#####..###.###########
#..#<.....Os@....#
##.###.#########.# #..
#.# #..##.# #..##.#
#..##.# #.# #.# ...


You could see an ogre and a scorpion.

Vanquished Creatures
  An ice beast (D:6)
  A phantom (D:6)
  A wyvern skeleton (D:4)
  A water moccasin skeleton (D:5)
  An orc priest (D:2)
  2 jellies (D:5)
  An orc wizard (D:2)
  A killer bee zombie (D:3)
  A hound zombie (D:3)
  Robin (D:3)
  12 gnolls
  2 adders
  An adder zombie (D:3)
  A worm (D:2)
  3 dart slugs
  11 orcs
  4 ball pythons
  5 bats
  9 endoplasms
  2 giant cockroaches
  17 goblins
  7 hobgoblins
  5 jackals
  2 quokkas
  A ball python zombie (D:3)
  2 frilled lizards
  3 kobolds
  A quokka zombie (D:3)
  3 rats
102 creatures vanquished.

Vanquished Creatures (others)
  3 fungi (D:1)
  11 plants
14 creatures vanquished.

Grand Total: 116 creatures vanquished

Notes
Turn   | Place    | Note
-------+----------+-------------------------------------------
     0 | D:1      | Gwenloh the Palentonga Warper began the quest for the Orb.
     0 | D:1      | Reached XP level 1. HP: 17/17 MP: 3/3
    64 | D:1      | Reached skill level 1 in Armour
    68 | D:1      | Reached XP level 2. HP: 16/23 MP: 5/5
   242 | D:1      | Learned a level 2 spell: Blink
   954 | D:1      | Found a faded altar of an unknown god.
  1219 | D:2      | Reached XP level 3. HP: 29/29 MP: 6/6
  1610 | D:2      | Reached XP level 4. HP: 5/36 MP: 4/7
  2730 | D:2      | Learned a level 3 spell: Gell's Gravitas
  2734 | D:2      | Learned a level 3 spell: Lesser Beckoning
  2857 | D:2      | You fall into a shaft and drop 2 floors!
  2861 | D:4      | Noticed Pargi
  2926 | D:4      | Noticed an orc warrior
  3076 | D:3      | Found a broken altar of Ashenzari.
  3192 | D:3      | Found Lut Pocu's Assorted Antiques.
  3521 | D:2      | Reached XP level 5. HP: 5/42 MP: 6/9
  4357 | D:3      | Found a hazy altar of Hepliaklqana.
  4486 | D:3      | Found a basalt altar of Yredelemnul.
  4644 | D:3      | Noticed Robin
  5209 | D:3      | Killed Robin
  5838 | D:4      | Found a white marble altar of Elyvilon.
  5841 | D:4      | Found an iron altar of Okawaru.
  5845 | D:4      | Found a shimmering blue altar of Sif Muna.
  5863 | D:4      | Became a worshipper of Warmaster Okawaru
  6007 | D:4      | Reached XP level 6. HP: 29/50 MP: 10/10
  6011 | D:4      | Identified the +3 robe of Winter {Rampage rN+ Will- Dex+4}
  7278 | D:5      | Entered Level 5 of the Dungeon
  7313 | D:5      | Noticed Grinder
  7433 | D:5      | Found a staircase to the Ecumenical Temple.
  7465 | D:5      | Reached skill level 1 in Invocations
  7714 | Temple   | Entered the Ecumenical Temple
  8147 | D:5      | Paralysed by Grinder for 3 turns
  8400 | D:6      | Noticed an ice beast
  8412 | D:6      | Killed an ice beast
  8412 | D:6      | Reached * piety under Okawaru
  8413 | D:6      | Gained mutation: You curl defensively after being hit. (AC
                  | +7*) [Palentonga growth]
  8413 | D:6      | Reached XP level 7. HP: 57/57 MP: 10/12
  8425 | D:6      | Found a sacrificial altar of Ru.
  8451 | D:6      | HP: 1/57 [scorpion (4)]
  8452 | D:6      | Succumbed to a scorpion's poison

Illustrated notes

Levels and vault maps discovered:
D:1:      evilmike_arrival_hilbert_curve, layout_rooms,
          shapermc_ecumenical_altar_mp_ritualfount, nrook_loot_triangle,
          amcnicky_mini_corridor_feature
D:2:      layout_basic
D:3:      cheibrodos_old_hovel, layout_loops_ring,
          nicolae_yredelemnul_corpse_copse, mainiacjoe_overflow_small_starburst,
          nicolae_ashenzari_panopticon, serial_shops, nicolae_shop_hallway_plus,
          grunt_ministairs_5, nicolae_concentric_dashed_squares_wild, uniq_robin
D:4:      layout_loops_ring, minmay_overflow_temple_star_quad, enter_ossuary_3,
          uniq_pargi
D:5:      layout_basic, minmay_temple_entry_sparse_star, serial_glass,
          glass_columns_a, glass_columns_c, glass_columns_a, glass_columns_a,
          glass_columns_a, glass_columns_a, hex_large, uniq_grinder,
          uniq_crazy_yiuf_cottage
D:6:      layout_basic, amcnicky_altar_gilded, mainiacjoe_overflow_boulevard,
          minmay_misc_feat_pillars
Temple:   compressed_dpeg_triangle_lava_temple

Skill      XL: |  1  2  3  4  5  6 |
---------------+-------------------+-----
Armour         | 1 2 |  2.6
Fighting       | 3 4 |  4.2
Axes           | 3 4 |  4.1
Spellcasting   | 3 |  3.4
Translocations | 4 |  4.4
Invocations    | 1 |  1.7
Throwing       | |  0.6
Dodging        | |  1.5

Action                   |  1- 3 |  4- 6 |  7- 9 || total
-------------------------+-------+-------+-------++-------
Melee: Hand axe          |   107 |   300 |    15 ||   422
       Tailslap          |     8 |    32 |     1 ||    41
Throw: Stone             |    13 |    18 |       ||    31
 Cast: Blink             |     1 |    16 |     2 ||    19
 Abil: Rolling Charge    |    23 |    56 |     2 ||    81
  Use: Scroll            |       |     1 |       ||     1
       Potion            |       |       |     3 ||     3
Armor: Leather armour    |    45 |    38 |       ||    83
       Ring mail         |       |    92 |     4 ||    96
Dodge: Dodged            |    53 |   120 |     8 ||   181

Table legend: (Time is in decaauts)
 A = Elapsed time spent in this place.
 B = Non-inter-level travel time spent in this place.
 C = Inter-level travel time spent in this place.
 D = Time resting spent in this place.
 E = Time spent auto-exploring this place.
 F = Levels seen in this place.
 G = Mean time per level.
                   A        B        C        D        E       F      G
               +--------+--------+--------+--------+--------+-----+--------+
         Total |   8532 |   8245 |    287 |   3736 |   1917 |   7 | 1218.9 |
       Dungeon |   8240 |   7964 |    276 |   3736 |   1644 |   6 | 1373.3 |
        Temple |    291 |    280 |     11 |      0 |    273 |   1 |  291.0 |
               +--------+--------+--------+--------+--------+-----+--------+

Top non-repeatable levels by time:
     D:3: 2124 daAuts
     D:2: 1907 daAuts
     D:4: 1679 daAuts
     D:1: 1671 daAuts
     D:5: 586 daAuts
  Temple: 291 daAuts
     D:6: 270 daAuts
